 Dungeon Crawl Stone Soup version 0.28.0 (webtiles) character file.

Game seed: 11434368170225084405

2 AmazingTV the Grasshopper (level 1, -1/10 HPs)
             Began as a Spriggan Warper on Mar 20, 2024.
             Slain by a quokka (4 damage)
             ... on level 1 of the Dungeon.
             The game lasted 00:01:51 (259 turns).

AmazingTV the Grasshopper (Spriggan Warper)          Turns: 259, Time: 00:01:51

Health: -1/10      AC:  2    Str:  7    XL:     1   Next: 25%
Magic:  5/5        EV: 17    Int: 14    God:
Gold:   0          SH:  0    Dex: 14    Spells: 5/5 levels left

rFire   . . .      SeeInvis +   a - +0 short sword {short}
rCold   . . .      Faith    .   (no shield)
rNeg    . . .      Spirit   .   b - +0 robe
rPois   .          Reflect  .   (helmet restricted)
rElec   .          Harm     .   (no cloak)
rCorr   .          Rampage  .   (gloves unavailable)
Will    .....                   (boots unavailable)
Stlth   +.........              (no amulet)
HPRegen 0.03/turn               (no ring)
MPRegen 0.09/turn               (no ring)

@: very quick
A: very small, no large weapons, unfitting armour, see invisible, speed 3
a: no special abilities


You were on level 1 of the Dungeon.
You visited 1 branch of the dungeon, and saw 1 of its levels.


Innate Abilities, Weirdness & Mutations

You are very small and have problems with some larger weapons.
You are too small for most types of armour.
You have supernaturally acute eyesight. (SInv)
You cover ground extremely quickly. (Speed+++)


   Skills:
 + Level 1.6 Fighting
 + Level 2.2 Short Blades
 + Level 1.0 Throwing
 + Level 3.2 Dodging
 + Level 0.1 Stealth
 + Level 2.7 Spellcasting
 + Level 4.4 Translocations


You had 5 spell levels left.
You didn't know any spells.
Your spell library contained the following spells:

 Spells                   Type           Power      Damage    Failure   Level
 Blink                    Tloc           28%        N/A       5%          2
 Gell's Gravitas          Tloc           14%        N/A       11%         3
 Lesser Beckoning         Tloc           14%        N/A       11%         3
 Teleport Other           Tloc           14%        N/A       11%         3
 Manifold Assault         Tloc           14%        N/A       69%         5

Inventory:

Hand Weapons
 a - a +0 short sword (weapon) {short}
Missiles
 d - 5 boomerangs of dispersal (quivered) {=f!f}
Armour
 b - a +0 robe (worn)
Scrolls
 c - a scroll of blinking {!r}

Dungeon Overview and Level Annotations

Branches:
Dungeon (1/15)

Altars:

#.. ..# #.. #.# #.. #
##.## ###.. #. ...# #.'..
#. #..# #.#.. #.#. #..#
#.#.. ##....#..# #.#..
......r@โ€
###########.#..
###...##.........รท...###
##. ############.## # ..
#.# ## #.# #.# #.# #.#
#.#


You could see a quokka.


Message History

๐Ÿค– Initializing magus.rc ... โœ… Successfully initialized magus.rc [v1.9.6] Welcome, AmazingTV the Spriggan Warper.
The Orb of Zot is coveted for many reasons.
Will you seize it for your own?
Press ? for a list of commands and other information.
Found a staircase leading out of the dungeon.
Save game and exit?
Okay, then.
Okay, then.
Unknown command.
Unknown command.
You're too inexperienced to learn that spell!
You open the door.
There is an open door here.
A quokka comes into view.
The quokka bites you. ๐Ÿ˜• HP[-1]
You take 1 damage, and now have 9/10 hp.
You closely miss the quokka. The quokka closely misses you.
You hit the quokka. You punch the quokka, but do no damage.
The quokka bites you. The quokka misses you. ๐Ÿ˜ฎ HP[-3]
You take 3 damage, and now have 6/10 hp.
MASSIVE DAMAGE!! (PAUSE)
You are too injured to fight recklessly!
You hit the quokka. The quokka barely misses you.
You hit the quokka. The quokka closely misses you.
You hit the quokka.
You kill the quokka!
You start resting. ๐Ÿ˜Ž HP[+4]
Your hp is fully restored (10).
You start waiting.
Done waiting.
You see here a quokka skeleton.
A quokka comes into view.
A bat comes into view.
The bat hits you but does no damage.
You hit the bat.
You kill the bat!
You closely miss the quokka. The quokka barely misses you.
You miss the quokka. The quokka bites you. ๐Ÿ˜• HP[-1]
You take 1 damage, and now have 9/10 hp.
You closely miss the quokka. The quokka closely misses you.
You hit the quokka but do no damage. The quokka barely misses you. x2
You miss the quokka. The quokka completely misses you.
You barely miss the quokka. The quokka bites you.
Ouch! That really hurt!
* * * LOW HITPOINT WARNING * * *
๐Ÿ˜จ HP[-5]
You take 5 damage, and now have 4/10 hp.
MASSIVE DAMAGE!! (PAUSE)
You hit the quokka. The quokka closely misses you.
You barely miss the quokka. The quokka completely misses you.
You hit the quokka. The quokka bites you.
* * * LOW HITPOINT WARNING * * *
๐Ÿ˜จ HP[-1]
You take 1 damage, and now have 3/10 hp.
You miss the quokka. Your punch misses the quokka.
The quokka closely misses you. The quokka bites you.
You die...

Action                   || total
-------------------------++-------
Melee: Short sword       ||    16
       Punch             ||     1
Armor: Robe              ||     1
Dodge: Dodged            ||    12

Levels and vault maps discovered:
D:1:      mrwooster_arrival_statue_3, layout_loops_ring,
          ebering_ecumenical_altar_ruins

Notes
Turn   | Place    | Note
-------+----------+-------------------------------------------
     0 | D:1      | AmazingTV the Spriggan Warper began the quest for the Orb.
     0 | D:1      | Reached XP level 1. HP: 10/10 MP: 5/5
     0 | D:1      | magus.rc [v1.9.6]
   259 | D:1      | Slain by a quokka

Vanquished Creatures
  A quokka (D:1)
  A bat (D:1)
2 creatures vanquished.

Table legend:
 A = Non-vault XP
 B = Vault XP
 C = Vault XP percentage of total XP
 D = Non-vault monster count
 E = Vault monster count
 F = Vault count percentage of total count
                 A         B        C        D         E       F
            +---------+---------+-------+---------+---------+-------
      Total |       3 |       0 |   0.0 |       2 |       0 |   0.0
            +---------+---------+-------+---------+---------+-------
        D:1 |       3 |       0 |   0.0 |       2 |       0 |   0.0
            +---------+---------+-------+---------+---------+-------

Illustrated notes

Table legend:
 A = Kills in this place as a percentage of kills in entire the game.
 B = Kills by you in this place as a percentage of kills by you in the entire game.
 C = Kills by friends in this place as a percentage of kills by friends in the entire game.
 D = Other kills in this place as a percentage of other kills in the entire game.
 E = Experience gained in this place as a percentage of experience gained in the entire game.
 F = Experience gained in this place divided by the number of levels of this place that you have seen.
                   A       B       C       D       E      F
               +-------+-------+-------+-------+-------+----------------------
         Total | 100.0 | 100.0 |   N/A |   N/A | 100.0 |   3.0
       Dungeon | 100.0 | 100.0 |   N/A |   N/A | 100.0 |   3.0
               +-------+-------+-------+-------+-------+----------------------

Table legend: (Time is in decaauts)
 A = Elapsed time spent in this place.
 B = Non-inter-level travel time spent in this place.
 C = Inter-level travel time spent in this place.
 D = Time resting spent in this place.
 E = Time spent auto-exploring this place.
 F = Levels seen in this place.
 G = Mean time per level.
                   A        B        C        D        E       F      G
               +--------+--------+--------+--------+--------+-----+--------+
         Total |    249 |    249 |      0 |    217 |     11 |   1 |  249.0 |
       Dungeon |    249 |    249 |      0 |    217 |     11 |   1 |  249.0 |
               +--------+--------+--------+--------+--------+-----+--------+

Top non-repeatable levels by time:
     D:1: 249 daAuts
